 Dungeon Sprint DCSS version 0.31-a0-626-g8143ab4f1d (webtiles) character file.

Game seed: 16486874616907153984

149 rocky1 the Insei (level 5, -9/40 HPs)
             Began as a Djinni Shapeshifter on Aug 25, 2023.
             Mangled by a shadow (12 damage)
             ... in the Dungeon (Sprint III: "The Ten Rune Challenge").
             The game lasted 00:01:27 (737 turns).

rocky1 the Insei (Djinni Shapeshifter)               Turns: 737, Time: 00:01:28

Health: -9/40      AC:  2    Str: 14    XL:     5   Next: 56%
Gold:   19         EV: 13    Int: 11    God:
                   SH:  0    Dex: 14

rFire   + +          +
                       - Unarmed
rCold   x . .        (no shield)
rNeg    . . .        a - +0 animal skin
rPois   ∞            (helmet currently unavailable)
rElec   .            (cloak currently unavailable)
rCorr   .            (gloves currently unavailable)
SInv    .            (boots unavailable)
Will    .....        (no amulet)
Stlth   +            (no ring)
HPRegen 0.26/turn    (no ring)
MPRegen 0.00/turn

%: no teleportation, infuse magic (-10 HP)
@: beast-form, flying
A: beast (slay +3), flying, sickness immunity, fire resistance 3, cold
vulnerability 1, float, innate caster, HP casting, extra vitality 1
a: Begin Untransformation


You were in the Dungeon.
You were a hulking beast.
You visited 1 branch You collected 19 gold pieces.

Inventory:

Armour
 a - a +0 animal skin (worn)
Talismans
 c - a beast talisman (active)
 d - a flux talisman
Scrolls
 i - 2 scrolls of blinking
 j - a scroll of poison {unknown}
 k - 3 scrolls of identify
 m - a scroll of torment {unknown}
Potions
 b - a potion of lignification
 e - a potion of curing
 f - 5 potions of mutation
 g - a potion of haste
 l - a potion of enlightenment {unknown}
 n - a potion of degeneration {unknown}


   Skills:
 * Level 2.9 Fighting
 + Level 3.8 Dodging
 * Level 7.4 Unarmed Combat
 * Level 1.4 Spellcasting
 * Level 1.4 Conjurations
 * Level 1.4 Hexes
 * Level 1.4 Summonings
 * Level 1.4 Necromancy
 * Level 1.4 Translocations
 * Level 1.4 Transmutations
 * Level 1.4 Fire Magic
 * Level 1.4 Ice Magic
 * Level 1.4 Air Magic
 * Level 1.4 Earth Magic
 * Level 1.4 Poison Magic
 + Level 5.5 Shapeshifting


You knew the following spells:

 Your Spells              Type           Power      Damage    Failure   Level
a - Foxfire               Conj/Fire      12%        2x1d4     17%         1
b - Passwall              Tmut/Erth      2%         N/A       26%         2
Your spell library was empty.

Dungeon Overview and Level Annotations

Branches:
Dungeon (1/1)

Altars:


Innate Abilities, Weirdness & Mutations

You are a hulking beast.
Your limbs bulge with bestial killing power. (Slay +3)
You are flying.
You are immune to sickness and miasma.
You are immune to poison.
Your flesh is almost immune to the effects of heat. (rF+++)
You are vulnerable to cold. (rC-)
You float through the air rather than walking.
You learn spells naturally, not from books.
Your magical power is your life essence.
You have superior vitality. (+4 MHP)


Message History

You reach down and open the door.
A shadow comes into view.
There is an open door here.
You hit the shadow.
The shadow is lightly damaged.
The shadow slips into darkness.
The shadow flickers and vanishes!
Deactivating autopickup; reactivate with Ctrl-A.
Attack: -) Nothing wielded
Press: ? - help, Dir - move target Your weapon can't reach that far!
Okay, then.
Unknown command.
You punch something!
The shadow strikes at you from the darkness!
Reactivating autopickup.
You punch the shadow!
The shadow is heavily damaged.
The shadow hits you.
You barely miss the shadow.
The shadow is heavily damaged.
The shadow hits you.
You hit the shadow.
The shadow is severely damaged.
The shadow slips into darkness.
The shadow flickers and vanishes!
Deactivating autopickup; reactivate with Ctrl-A.
You closely miss something. Your punch misses something.
The shadow strikes at you from the darkness!
* * * LOW HITPOINT WARNING * * *
Reactivating autopickup.
You hit the shadow.
The shadow is severely damaged.
You completely miss the shadow.
The shadow is severely damaged.
The shadow hits you.
You hit the shadow.
The shadow is almost destroyed.
The shadow hits you!
You die...

▓▓▓ ##.# ####..#
#..#..#
#..#..###+#+###+##
##'#..#..........#
###...'.⌠........#
###...#...######h#
##....#.⌠.# #.W.#
#.....#...# #...#
......#+### #...#
#.....# #...+
##....# +...#
▓▓▓▓▓▓ ▓▓▓▓▓


You could see a shadow.

Vanquished Creatures
  A water elemental (D)
  A jelly (D)
  Jessica (D)
  A human (D)
  A wolf (D)
  3 rats (D)
8 creatures vanquished.

Notes
Turn   | Place    | Note
-------+----------+-------------------------------------------
     0 | D        | rocky1 the Djinni Shapeshifter began the quest for the Orb.
     0 | D        | Reached XP level 1. HP: 17/17 MP: 0/0
    24 | D        | Noticed Jessica
    34 | D        | Killed Jessica
    35 | D        | Reached skill level 4 in Unarmed Combat
    35 | D        | Reached XP level 2. HP: 8/22 MP: 0/0
    35 | D        | Reached XP level 3. HP: 10/27 MP: 0/0
    35 | D        | Learned a level 1 spell: Foxfire
   368 | D        | Reached skill level 5 in Unarmed Combat
   387 | D        | Reached XP level 4. HP: 33/33 MP: 0/0
   405 | D        | Gained mutation: Your flesh is almost immune to the effects
                  | of heat. (rF+++) [potion of mutation]
   510 | D        | Noticed a water elemental
   516 | D        | Killed a water elemental
   517 | D        | Reached skill level 7 in Unarmed Combat
   517 | D        | Reached skill level 1 in Spellcasting
   517 | D        | Reached skill level 1 in Conjurations
   517 | D        | Reached skill level 1 in Hexes
   517 | D        | Reached skill level 1 in Summonings
   517 | D        | Reached skill level 1 in Necromancy
   517 | D        | Reached skill level 1 in Translocations
   517 | D        | Reached skill level 1 in Transmutations
   517 | D        | Reached skill level 1 in Fire Magic
   517 | D        | Reached skill level 1 in Ice Magic
   517 | D        | Reached skill level 1 in Air Magic
   517 | D        | Reached skill level 1 in Earth Magic
   517 | D        | Reached skill level 1 in Poison Magic
   517 | D        | Reached skill level 5 in Shapeshifting
   517 | D        | Reached XP level 5. HP: 39/39 MP: 0/0
   517 | D        | Learned a level 2 spell: Passwall
   728 | D        | Noticed a shadow
   737 | D        | Mangled by a shadow

Illustrated notes

Levels and vault maps discovered:
D:        dungeon_sprint_mu [sprint_mu_entry_cave, sprint_mu_temple_rooms,
          sprint_mu_d1_horrors, sprint_mu_d2_genie, sprint_mu_d3_branching,
          sprint_mu_orc_legion, sprint_mu_elf_gauntlet, sprint_mu_hive_nellie,
          sprint_mu_lair_fedhas, sprint_mu_vaults_butterflies,
          sprint_mu_slime_circle, sprint_mu_shoals_kraken,
          sprint_mu_snake_twists, sprint_mu_blade_basic, sprint_mu_crypt_lich,
          sprint_mu_tomb_spiral, sprint_mu_vestibule_basic,
          sprint_mu_gehenna_hellfire, sprint_mu_dis_giant,
          sprint_mu_tartarus_statrot, sprint_mu_cocytus_islands, sprint_mu_zot1]

Skill      XL: |  1  2  3  4 |
---------------+-------------+-----
Shapeshifting  | 4 5 |  5.5
Unarmed Combat | 4 5 7 |  7.4
Dodging        | 3 |  3.8
Fighting       | 2 |  2.9
Spellcasting   | 1 |  1.4
Conjurations   | 1 |  1.4
Hexes          | 1 |  1.4
Summonings     | 1 |  1.4
Necromancy     | 1 |  1.4
Translocations | 1 |  1.4
Transmutations | 1 |  1.4
Fire Magic     | 1 |  1.4
Ice Magic      | 1 |  1.4
Air Magic      | 1 |  1.4
Earth Magic    | 1 |  1.4
Poison Magic   | 1 |  1.4

Action                     |  1- 3 |  4- 6 || total
---------------------------+-------+-------++-------
  Melee: Unarmed           |    30 |    18 ||    48
         Punch             |     1 |       ||     1
    Use: Potion            |     1 |     2 ||     3
 Armour: Animal skin       |     1 |     5 ||     6
  Dodge: Dodged            |    14 |     3 ||    17

Table legend: (Time is in decaauts)
 A = Elapsed time spent in this place.
 B = Non-inter-level travel time spent in this place.
 C = Inter-level travel time spent in this place.
 D = Time resting spent in this place.
 E = Time spent auto-exploring this place.
 F = Levels seen in this place.
 G = Mean time per level.
                   A        B        C        D        E       F      G
               +--------+--------+--------+--------+--------+-----+--------+
         Total |    739 |    739 |      0 |    604 |     17 |   1 |  739.0 |
       Dungeon |    739 |    739 |      0 |    604 |     17 |   1 |  739.0 |
               +--------+--------+--------+--------+--------+-----+--------+

Top non-repeatable levels by time:
       D: 739 daAuts
